 Dungeon Crawl Stone Soup version 0.27-a0-346-ga689d4a613 (webtiles) character file.

Game seed: 15188245763131674389

35169 snetch the Severer (level 13, -5/118 HPs)
             Began as a Minotaur Berserker on Feb 15, 2021.
             Was a High Priest of Trog.
             Shot with a bolt by a yaktaur (25 damage)
             ... on level 14 of the Dungeon.
             The game lasted 00:56:23 (17366 turns).

snetch the Severer (Minotaur Berserker)            Turns: 17366, Time: 00:56:23

Health: -5/118     AC: 13    Str: 27    XL:     13   Next: 46%
Magic:  0/12       EV: 13    Int:  4    God:    Trog [*****.]
Gold:   806        SH:  0    Dex: 10    Spells: 12/12 levels left

rFire    . . .     SeeInvis .   a - +5 battleaxe
rCold    + . .     Faith    .   (shield currently unavailable)
rNeg     + . .     Spirit   +   u - +5 scale mail "Plog" {Stlth+}
rPois    .         Reflect  .   (helmet restricted)
rElec    .         Harm     .   y - +0 cloak
rCorr    .         Rampage  .   (no gloves)
Will     ++...                  (no boots)
Stlth    +.........             X - amulet of guardian spirit
HPRegen  1.29/turn              V - ring of positive energy
MPRegen  0.13/turn              P - ring of protection from cold

@: regenerating, hasted, very quick
A: retaliatory headbutt, horns 2, deformed body, subdued magic 1
a: Renounce Religion, Berserk, Trog's Hand, Brothers in Arms


You were on level 14 of the Dungeon.
You worshipped Trog.
Trog was extremely pleased with you.
You visited 2 branches of the dungeon, and saw 16 of its levels.
You also visited: Sewer.

You collected 1034 gold pieces.
You spent 228 gold pieces at shops.

Inventory:

Hand Weapons
 a - a +5 battleaxe (weapon)
 b - a +5 flail
 c - a +3 trident
 j - a +5 war axe
 l - a +4 executioner's axe
Missiles
 e - 7 atropa-tipped darts
 i - 12 boomerangs (quivered)
 L - 126 poisoned darts
 M - 18 curare-tipped darts
 N - 8 datura-tipped darts
 R - 3 silver javelins
 Y - 6 javelins
Armour
 u - the +5 scale mail "Plog" (worn) {Stlth+}
   (You found it on level 11 of the Dungeon)

   It makes you more stealthy.
 y - a +0 cloak (worn)
Jewellery
 n - a +6 ring of intelligence
 D - a ring of fire
 P - a ring of protection from cold (right hand)
 V - a ring of positive energy (left hand)
 X - an amulet of guardian spirit (around neck)
Wands
 w - a wand of acid (4)
 E - a wand of flame (35)
 F - a wand of charming (12)
 H - a wand of digging (6)
 I - a wand of random effects (5)
 O - a wand of mindburst (9)
 T - a wand of polymorph (20)
 U - a wand of iceblast (21)
Scrolls
 d - a scroll of noise
 f - 2 scrolls of fear
 h - 7 scrolls of fog {unknown}
 k - 3 scrolls of blinking {unknown}
 o - a scroll of summoning
 r - 6 scrolls of teleportation {unknown}
 s - 2 scrolls of enchant armour {unknown}
 A - a scroll of magic mapping
 J - 2 scrolls of brand weapon
 K - 2 scrolls of enchant weapon {unknown}
 S - 2 scrolls of amnesia {unknown}
 W - 2 scrolls of immolation {unknown}
Potions
 g - 7 potions of curing {unknown}
 m - 2 potions of cancellation
 p - 4 potions of magic {unknown}
 q - 5 potions of attraction {unknown}
 t - a potion of flight
 x - a potion of invisibility
 z - 5 potions of might {unknown}
 B - 3 potions of ambrosia {unknown}
 C - a potion of heal wounds
 Q - a potion of mutation {unknown}
Miscellaneous
 Z - a tin of tremorstones (2/2)


   Skills:
 + Level 12.3 Fighting
 + Level 15.4(16.5) Axes
 + Level 8.2(12.8) Maces & Flails
 + Level 6.5(12.1) Polearms
 + Level 1.5 Throwing
 + Level 13.0 Armour
 + Level 7.1 Dodging
 + Level 2.2 Stealth
 - Level 5.7 Shields
 + Level 0.1 Evocations


You had 12 spell levels left.
You didn't know any spells.
Your spell library contained the following spells:

 Spells                   Type           Power        Failure   Level
 Animate Skeleton         Necr           0%           67%         1
 Apportation              Tloc           0%           67%         1
 Corona                   Hex            0%           67%         1
 Magic Dart               Conj           0%           67%         1
 Summon Small Mammal      Summ           0%           67%         1
 Blink                    Tloc           N/A          80%         2
 Call Imp                 Summ           0%           80%         2
 Slow                     Hex            0%           80%         2
 Call Canine Familiar     Summ           0%           96%         3
 Conjure Flame            Conj/Fire      0%           96%         3
 Inner Flame              Hex/Fire       0%           96%         3
 Mephitic Cloud           Conj/Pois/Air  0%           96%         3
 Portal Projectile        Hex/Tloc       0%           96%         3
 Summon Guardian Golem    Hex/Summ       0%           96%         3
 Cause Fear               Hex            0%           100%        4
 Leda's Liquefaction      Hex/Erth       0%           100%        4
 Summon Ice Beast         Ice/Summ       0%           100%        4
 Summon Lightning Spire   Summ/Air       0%           100%        4
 Silence                  Hex/Air        0%           100%        5
 Yara's Violent Unravell  Hex/Tmut       0%           100%        5
 Discord                  Hex            0%           100%        8


Dungeon Overview and Level Annotations

Branches:
Dungeon (15/15)            Temple (1/1) D:5            Lair (0/6) D:9
    Orc (0/2) D:12          Sewer (visited)
 Vaults: D:13-14     Depths: D:15

Altars:
Ashenzari
Cheibriados
Dithmenos
Elyvilon
Fedhas
Gozag
Hepliaklqana
Kikubaaqudgha
Makhleb
Nemelex Xobeh
Okawaru
Qazlal
Ru
Sif Muna
Trog
Uskayaw
Vehumet
Wu Jian
Xom
Yredelemnul
Zin
The Shining One
Beogh

Shops:
D:5 ?   D:6 *?!=   D:9 (

Annotations:
D:1 deep water
D:4 axe behind water
D:7 4 runed translucent doors
D:8 3 runed translucent doors, elementals behind glass stone, SmokeWeed's ghost, novice MiGl


Innate Abilities, Weirdness & Mutations

You reflexively headbutt those who attack you in melee.
You have a pair of horns on your head.
Armour fits poorly on your strangely shaped body.
Your spells are a little easier to cast, but a little less powerful.


Message History

The deep elf zephyrmancer closely misses you.
You furiously retaliate!
You headbutt the deep elf zephyrmancer. You completely miss the yaktaur.
You headbutt the yaktaur!
The yaktaur is moderately wounded.
You closely miss the deep elf zephyrmancer.
The deep elf pyromancer mumbles some strange words.
The deep elf pyromancer blinks!
A deep elf zephyrmancer comes into view.
It is wielding a +0 long sword.
Unknown command.
The deep elf zephyrmancer shouts!
You hit the yaktaur.
The yaktaur is heavily wounded.
You hit the deep elf zephyrmancer. The yaktaur hits you.
The deep elf zephyrmancer hits you with a +0 long sword.
Unknown command.
You slice the yaktaur!!
You kill the yaktaur!
Trog accepts your kill.
You closely miss the deep elf zephyrmancer.
The deep elf zephyrmancer gestures at you while chanting.
The bolt of lightning misses you.
Unknown command.
A yaktaur comes into view.
The yaktaur wields a +0 arbalest.
The yaktaur shoots a bolt.
The bolt hits you.
The deep elf pyromancer gestures at you while chanting.
The bolt of fire hits you!!
* * * LOW HITPOINT WARNING * * *
Things that are here:
a +0 arbalest; 13 bolts; a yaktaur corpse You barely miss the deep elf zephyrmancer.
The deep elf zephyrmancer is lightly wounded.
The deep elf zephyrmancer casts a spell.
The deep elf zephyrmancer blinks!
You closely miss the deep elf zephyrmancer.
Your headbutt misses the deep elf zephyrmancer.
The deep elf zephyrmancer is lightly wounded.
The deep elf zephyrmancer casts a spell at you.
The bolt of lightning misses you.
The yaktaur shoots a bolt.
The bolt hits you!!
You die...

#..# #c#..#.
##.#..#§#
.........
##.#..#.##
......e..
e.....§.
##.#..#.#####
......ce@)#.#
#.#..#.##))#
# #.#)#.#
##.#..#
#....[#
#######


You could see 2 yaktaurs, a deep elf pyromancer and 2 deep elf zephyrmancers.

Vanquished Creatures
  Snorg (D:14)
  Josephine (D:12)
  An ogre mage (D:14)
  3 hydras
  A boulder beetle (D:13)
  3 centaur warriors
  4 two-headed ogres
  The ghost of louisi3 the Ruffian, a novice TrTm of Wu Jian (D:7)
  An unseen horror (D:13)
  Pikel (D:5)
  4 ugly things
  2 deep elf pyromancers
  A cyclops (D:15)
  An elephant (D:9)
  A manticore (D:13)
  4 molten gargoyles (D:11)
  Maggie (D:10)
  6 kobold demonologists
  The ghost of garrulousMonolith the Insei, a novice OpFi of Nemelex Xobeh (D:4)
  A yaktaur (D:14)
  3 meliai (D:12)
  9 trolls
  A vampire (D:13)
  2 wraiths
  A shadow (D:11)
  A fire elemental (D:11)
  21 yaks
  3 basilisks
  2 steam dragons (D:11)
  6 vampire mosquitoes
  An acid dragon (D:13)
  Purgy (Sewer)
  2 ice beasts
  2 sky beasts
  A black bear (D:11)
  7 orc warriors
  7 ogres
  2 centaurs
  A phantom (D:11)
  5 bullfrogs
  13 kobold brigands
  2 wyvern zombies
  A water moccasin zombie (D:8)
  2 wyvern skeletons
  4 scorpions
  11 killer bees (D:7)
  6 wights
  7 howler monkeys
  3 centaur zombies
  2 bullfrog zombies
  A quasit (D:6)
  A wyvern simulacrum (D:14)
  A bullfrog skeleton (D:4)
  8 jellies
  6 orc priests
  8 hounds
  Jessica (D:3)
  A centaur skeleton (D:4)
  An iguana (D:8)
  14 worker ants
  16 orc wizards
  2 hound skeletons
  A worker ant zombie (D:8)
  15 adders
  2 river rats (D:3)
  2 shadow imps (D:4)
  3 white imps
  2 ufetubi (D:9)
  3 adder skeletons
  2 worms (D:3)
  4 dart slugs
  8 leopard geckos
  68 orcs
  5 bats
  7 giant cockroaches
  5 goblins
  10 hobgoblins
  7 quokkas
  7 ball pythons
  15 frilled lizards
  A jackal zombie (D:7)
  29 kobolds
  A quokka skeleton (D:4)
  12 rats
437 creatures vanquished.

Vanquished Creatures (collateral kills)
  2 hydras (D:13)
  A two-headed ogre (D:14)
  4 wraiths (D:12)
  2 orc warriors (D:12)
  A killer bee (D:7)
  2 wights (D:13)
  A jelly (D:12)
  An orc priest (D:12)
  13 orcs
27 creatures vanquished.

Vanquished Creatures (others)
  8 plants
8 creatures vanquished.

Grand Total: 472 creatures vanquished

Notes
Turn   | Place    | Note
-------+----------+-------------------------------------------
     0 | D:1      | snetch the Minotaur Berserker began the quest for the Orb.
     0 | D:1      | Reached XP level 1. HP: 19/19 MP: 0/0
   311 | D:1      | Reached skill level 4 in Axes
   311 | D:1      | Reached XP level 2. HP: 27/27 MP: 1/1
   335 | D:2      | Reached XP level 3. HP: 22/33 MP: 2/2
   716 | D:1      | Reached ** piety under Trog
   770 | D:1      | Found a sparkling altar of Nemelex Xobeh.
  1271 | D:2      | Reached XP level 4. HP: 40/40 MP: 3/3
  1318 | D:2      | Reached skill level 1 in Maces & Flails
  1694 | D:3      | Reached XP level 5. HP: 30/47 MP: 4/4
  1775 | D:3      | Reached *** piety under Trog
  1811 | D:3      | Found a glowing drain.
  1817 | Sewer    | Entered a sewer
  1903 | Sewer    | Noticed Purgy
  1920 | Sewer    | Killed Purgy
  1921 | Sewer    | Reached skill level 5 in Fighting
  1921 | Sewer    | Reached XP level 6. HP: 51/56 MP: 5/5
  2721 | D:3      | Found a sacrificial altar of Ru.
  2731 | D:3      | Found a hide-covered altar of Uskayaw.
  2737 | D:3      | Noticed Jessica
  2748 | D:3      | Killed Jessica
  3036 | D:4      | Found a transporter.
  3073 | D:4      | Found a transporter.
  3371 | D:4      | Found a white marble altar of Elyvilon.
  3517 | D:4      | Found a runed translucent gate.
  3517 | D:4      | Found a runed translucent gate.
  3517 | D:4      | Found a runed translucent gate.
  3528 | D:4      | Noticed garrulousMonolith's ghost (novice OpFi)
  3537 | D:4      | Reached skill level 1 in Polearms
  3543 | D:4      | Killed garrulousMonolith's ghost
  3544 | D:4      | Reached skill level 5 in Armour
  3544 | D:4      | Reached XP level 7. HP: 61/62 MP: 0/6
  3736 | D:5      | Entered Level 5 of the Dungeon
  4480 | D:4      | Reached XP level 8. HP: 64/70 MP: 7/7
  4604 | D:5      | Found a staircase to the Ecumenical Temple.
  4611 | Temple   | Entered the Ecumenical Temple
  4873 | D:5      | Noticed Pikel
  4881 | D:5      | Killed Pikel
  4882 | D:5      | Reached skill level 5 in Axes
  4882 | D:5      | Reached skill level 5 in Polearms
  4882 | D:5      | Reached skill level 1 in Stealth
  5060 | D:6      | Found Heile's Assorted Antiques.
  5275 | D:5      | Reached **** piety under Trog
  5348 | D:6      | Bought a scroll labelled ZEQ HOGHOTAPEX for 22 gold pieces
  5348 | D:6      | Bought a tapered bronze wand for 88 gold pieces
  5348 | D:6      | Bought a bubbling golden potion for 19 gold pieces
  5348 | D:6      | Bought a scroll labelled POUNINIEHO for 22 gold pieces
  5348 | D:6      | Bought a viscous dark potion for 19 gold pieces
  5348 | D:6      | Bought a scroll labelled ZEQ HOGHOTAPEX for 22 gold pieces
  5517 | D:5      | Found Aqogojon's Magic Scroll Shoppe.
  5584 | D:5      | Bought a scroll of identify for 22 gold pieces
  5936 | D:6      | Found Kahyfful's Magic Scroll Boutique.
  5942 | D:6      | Bought a scroll of random uselessness for 14 gold pieces
  5962 | D:6      | Reached XP level 9. HP: 72/78 MP: 8/8
  5994 | D:6      | Found Tilast's Distillery.
  6051 | D:6      | Found Beow's Jewellery Shop.
  6075 | D:7      | Found a runed translucent gate.
  6075 | D:7      | Found a runed translucent gate.
  6075 | D:7      | Found a runed translucent gate.
  6075 | D:7      | Noticed louisi3's ghost (novice TrTm)
  6118 | D:7      | Noticed a troll
  6131 | D:7      | Killed a troll
  6132 | D:7      | Reached skill level 5 in Maces & Flails
  6132 | D:7      | Reached skill level 1 in Shields
  6173 | D:7      | Found a huge runed translucent gate.
  6173 | D:7      | Found a huge runed translucent gate.
  6173 | D:7      | Noticed a polar bear
  6174 | D:7      | Noticed a polar bear
  6414 | D:6      | Found a broken altar of Ashenzari.
  6443 | D:6      | Found a hazy altar of Hepliaklqana.
  6450 | D:6      | Found a snail-covered altar of Cheibriados.
  6462 | D:6      | Found an ancient bone altar of Kikubaaqudgha.
  6467 | D:6      | Found a shimmering altar of Xom.
  6609 | D:6      | Reached skill level 5 in Dodging
  7533 | D:8      | Noticed SmokeWeed's ghost (novice MiGl)
  7533 | D:8      | Noticed an 11-headed hydra
  7535 | D:8      | Found a runed translucent gate.
  7833 | D:7      | Found a huge runed translucent gate.
  7834 | D:7      | Found a huge runed translucent gate.
  7835 | D:7      | Noticed a polar bear
  7835 | D:7      | Noticed a polar bear
  8072 | D:7      | Killed louisi3's ghost
  8073 | D:7      | Reached skill level 6 in Axes
  8073 | D:7      | Reached XP level 10. HP: 88/88 MP: 9/9
  8475 | D:8      | Found a runed translucent gate.
  8476 | D:8      | Found a runed translucent gate.
  8502 | D:8      | Found a stormy altar of Qazlal.
  8777 | D:8      | Reached skill level 7 in Axes
  8866 | D:9      | Found Titaofeh's Weapon Emporium.
  9359 | D:9      | Reached skill level 8 in Axes
  9681 | D:9      | Reached ***** piety under Trog
  9694 | D:9      | Found a staircase to the Lair.
  9694 | D:9      | Noticed an elephant
  9708 | D:9      | Killed an elephant
  9709 | D:9      | Reached skill level 9 in Axes
  9709 | D:9      | Reached skill level 10 in Armour
  9984 | D:10     | Entered Level 10 of the Dungeon
 10288 | D:10     | Reached XP level 11. HP: 49/97 MP: 3/10
 10556 | D:10     | Found a shadowy altar of Dithmenos.
 10561 | D:10     | Reached skill level 10 in Axes
 11501 | D:10     | Noticed Maggie
 11517 | D:10     | Killed Maggie
 12091 | D:11     | Noticed a centaur warrior
 12124 | D:11     | Killed a centaur warrior
 12125 | D:11     | Reached skill level 10 in Fighting
 12125 | D:11     | Reached skill level 11 in Axes
 12200 | D:11     | Got a brightly glowing scale mail
 12831 | D:11     | Identified the +5 scale mail "Plog" {Stlth+} (You found it
                  | on level 11 of the Dungeon)
 13146 | D:11     | Reached skill level 5 in Shields
 13186 | D:12     | Reached skill level 12 in Axes
 13388 | D:12     | Noticed a five-headed hydra
 13399 | D:12     | Killed a five-headed hydra
 13399 | D:12     | Received a gift from Trog
 13400 | D:12     | Reached XP level 12. HP: 46/107 MP: 5/11
 13771 | D:12     | Found a roughly hewn altar of Beogh.
 13771 | D:12     | Found a staircase to the Orcish Mines.
 13804 | D:12     | Noticed Josephine
 13816 | D:12     | Killed Josephine
 14601 | D:13     | Reached skill level 13 in Axes
 14611 | D:13     | Noticed an eight-headed hydra
 14625 | D:13     | Killed a ten-headed hydra
 14626 | D:13     | Reached skill level 1 in Throwing
 14626 | D:13     | Noticed a two-headed ogre
 14642 | D:13     | Gained mutation: Your spells are a little easier to cast,
                  | but a little less powerful. [a neqoxec]
 14643 | D:13     | Killed a two-headed ogre
 14645 | D:13     | Gained mutation: Armour fits poorly on your strangely
                  | shaped body. [a neqoxec]
 14995 | D:13     | Noticed a centaur warrior
 15008 | D:13     | Killed a centaur warrior
 15147 | D:13     | Reached skill level 14 in Axes
 15358 | D:13     | Noticed a centaur warrior
 15358 | D:13     | Noticed a five-headed hydra
 15374 | D:13     | Killed a centaur warrior
 15380 | D:13     | Killed a six-headed hydra
 15584 | D:13     | Noticed a five-headed hydra
 15592 | D:13     | Killed a five-headed hydra
 15949 | D:13     | Noticed a four-headed hydra
 15959 | D:13     | Killed a four-headed hydra
 15960 | D:13     | Reached XP level 13. HP: 50/117 MP: 4/12
 16550 | D:14     | Noticed Snorg
 16563 | D:14     | Killed Snorg
 17217 | D:15     | Entered Level 15 of the Dungeon
 17259 | D:15     | Reached skill level 15 in Axes
 17366 | D:14     | Shot with a bolt by a yaktaur

Illustrated notes

Levels and vault maps discovered:
D:1:      dpeg_cavernosity, layout_rooms, minmay_hexomino_r4
D:2:      layout_loops_cross
D:3:      layout_basic, grunt_temple_overflow_open, portal_sewer_entry_e,
          chequers_serial_rivers_micro_e, grunt_decor_mini_mirrors,
          kennysheep_generic_room_9, uniq_jessica
D:4:      gammafunk_wand_slinger, layout_basic, kennysheep_little_box,
          gammafunk_ghost_split
D:5:      layout_loops_ring, temple_fountains, serial_shops,
          nicolae_shop_waterfront, uniq_pikel
D:6:      layout_basic, lemuel_doored_altar, minitemple, serial_shops, shop,
          shop_statue, shop, nicolae_shop_crystal
D:7:      lemuel_bear_cage, layout_rooms, gammafunk_ghost_nasty_kobolds,
          kennysheep_generic_room_3
D:8:      layout_loops_ring, nicolae_qazlal_style_of_elements,
          gammafunk_ghost_hydra_chop
D:9:      minmay_ornate_pinched, layout_rooms, david_lair_generic, serial_shops,
          nicolae_shop_competitors_out_of_business
D:10:     layout_gridville, nicolae_dithmenos_the_darkroom, uniq_maggie
D:11:     layout_roguey, minivault_8
D:12:     layout_big_octagon, david_orc_5, uniq_josephine
D:13:     minmay_slanted_spiral_squares, layout_basic
D:14:     layout_small_grid, hangedman_vaults_entry_quadrant_bands,
          serial_bayou_pond_c, uniq_snorg
D:15:     hangedman_depths_entry_try_elsewhere_first, layout_basic
Temple:   nicolae_temple_figure_eight

Skill      XL: |  1  2  3  4  5  6  7  8  9 10 11 12 13 |
---------------+----------------------------------------+-----
Axes           | 4 5 6 9 12 14 15 | 15.4
Fighting       | 4 5 6 7 9 10 11 12 | 12.3
Maces & Flails | 2 3 4 7 8 |  8.2
Armour         | 3 5 6 7 9 10 11 12 13 | 13.0
Dodging        | 3 4 5 6 7 |  7.1
Polearms       | 2 3 6 |  6.5
Stealth        | 1 2 |  2.2
Shields        | 2 3 5 |  5.7
Throwing       | 1 |  1.5
Evocations     | |  0.1

Action                   |  1- 3 |  4- 6 |  7- 9 | 10-12 | 13-15 || total
-------------------------+-------+-------+-------+-------+-------++-------
Melee: Hand axe          |    28 |       |       |       |       ||    28
       Headbutt          |    10 |    29 |    56 |   113 |    25 ||   233
       Flail             |    41 |   142 |       |    23 |       ||   206
       Trident           |       |    30 |    55 |       |       ||    85
       Whip              |       |       |   229 |       |       ||   229
       War axe           |       |       |    24 |   407 |       ||   431
       Unarmed           |       |       |       |    13 |       ||    13
       Executioner's axe |       |       |       |    48 |       ||    48
       Battleaxe         |       |       |       |    33 |    86 ||   119
Throw: Dart              |       |       |     2 |       |       ||     2
       Boomerang         |       |       |       |    10 |     2 ||    12
Invok: Berserk           |     1 |     2 |     4 |     8 |     2 ||    17
       Trog's Hand       |       |     1 |     4 |    12 |     1 ||    18
       Brothers in Arms  |       |       |     2 |     4 |     1 ||     7
Evoke: Wand              |       |       |     1 |       |       ||     1
  Use: Scroll            |       |       |    10 |     2 |     1 ||    13
       Potion            |       |       |       |     2 |     2 ||     4
Armor: Leather armour    |     8 |       |       |       |       ||     8
       Ring mail         |    20 |    51 |       |       |       ||    71
       Scale mail        |       |    10 |    43 |    99 |    25 ||   177
       Chain mail        |       |       |   134 |    72 |       ||   206
       Plate armour      |       |       |       |    60 |       ||    60
Dodge: Dodged            |    49 |   106 |   175 |   267 |    63 ||   660
Block: Buckler           |       |       |    22 |    23 |       ||    45
       Kite shield       |       |       |       |   150 |       ||   150

Table legend: (Time is in decaauts)
 A = Elapsed time spent in this place.
 B = Non-inter-level travel time spent in this place.
 C = Inter-level travel time spent in this place.
 D = Time resting spent in this place.
 E = Time spent auto-exploring this place.
 F = Levels seen in this place.
 G = Mean time per level.
                   A        B        C        D        E       F      G
               +--------+--------+--------+--------+--------+-----+--------+
         Total |  17613 |  16876 |    737 |    991 |  11401 |  17 | 1036.1 |
       Dungeon |  17146 |  16419 |    727 |    969 |  11154 |  15 | 1143.1 |
        Temple |    214 |    204 |     10 |      0 |    203 |   1 |  214.0 |
         Sewer |    252 |    252 |      0 |     22 |     44 |   1 |  252.0 |
               +--------+--------+--------+--------+--------+-----+--------+

Top non-repeatable levels by time:
    D:13: 2139 daAuts
    D:12: 1651 daAuts
    D:10: 1464 daAuts
     D:4: 1386 daAuts
     D:6: 1318 daAuts
     D:9: 1291 daAuts
    D:11: 1211 daAuts
     D:7: 1196 daAuts
     D:5: 1170 daAuts
     D:2: 1083 daAuts
     D:3: 972 daAuts
     D:1: 928 daAuts
     D:8: 913 daAuts
    D:14: 337 daAuts
   Sewer: 252 daAuts
